 Dungeon Crawl Stone Soup version 0.32-a0-558-g233958a4c4 (webtiles) character file.

Game seed: 10045275858030899107

53 seren the Slasher (level 3, -4/28 HPs)
             Began as a Coglin Gladiator on Feb 29, 2024.
             Incinerated by a bombardier beetle (5 damage)
             ... with a burning spray
             ... on level 3 of the Dungeon.
             The game lasted 00:02:26 (1342 turns).

seren the Slasher (Coglin Gladiator)                Turns: 1342, Time: 00:02:27

Health: -4/28      AC:  8    Str: 16    XL:     3   Next: 87%
Magic:  3/3        EV: 11    Int:  7    God:
Gold:   78         SH:  0    Dex: 15    Spells: 2/2 levels left

rFire   . . .        a - +0 long sword {Tiedemann}
rCold   . . .        g - +0 dagger {Ingrid}
rNeg    . . .        j - +2 ring mail {rPois}
rPois   +            c - +0 helmet
rElec   .            (no cloak)
rCorr   .            (no gloves)
SInv    .            (no boots)
Will    .....        (amulet unavailable)
Stlth   +            (ring unavailable)
HPRegen 0.24/turn    (ring unavailable)
MPRegen 0.08/turn    (no gizmo)

%: no passive effects
@: on fire, glowing, revved
A: off-hand wielding, slow wielding, warmup strikes, no jewelry
a: Invent Gizmo


You were on level 3 of the Dungeon.
You visited 1 branch of the dungeon, and saw 3 of its levels.

You collected 78 gold pieces.

Inventory:

Hand Weapons
 a - a +0 long sword (weapon) {Tiedemann}
 g - a +0 dagger (offhand) {Ingrid}
Missiles
 d - 4 throwing nets (quivered) {!f}
 e - a javelin
Armour
 b - a +0 leather armour
 c - a +0 helmet (worn)
 j - a +2 ring mail of poison resistance (worn)
Wands
 k - a wand of flame (12)
Scrolls
 i - a scroll of identify {unknown}
 l - a scroll of enchant armour {unknown}
 p - a scroll of teleportation {unknown}
Potions
 f - a potion of resistance {unknown}
 h - 3 potions of berserk rage {unknown}
 m - a potion of mutation {unknown}
 n - a potion of heal wounds {unknown}
 o - 2 potions of attraction {unknown}


   Skills:
 + Level 2.4 Fighting
 * Level 3.6 Long Blades
 + Level 2.1 Throwing
 + Level 0.7 Armour
 + Level 2.9 Dodging
 * Level 1.1 Evocations


You had 2 spell levels left.
You didn't know any spells.
Your spell library contained the following spells:

 Spells                   Type           Power      Damage    Failure   Level
 Magic Dart               Conj           0%         1d3       65%         1
 Blink                    Tloc           0%         N/A       80%         2
 Call Imp                 Summ           0%         N/A       80%         2
 Scorch                   Fire           0%         2d5       80%         2
 Flame Wave               Conj/Fire      0%         2d4       100%        4
 Summon Cactus Giant      Summ           0%         N/A       100%        6


Dungeon Overview and Level Annotations

Branches:
Dungeon (3/15)

Altars:

Annotations:
D:3 Natasha


Innate Abilities, Weirdness & Mutations

You can wield a second weapon in your off-hand.
It takes a long time for you to wield or remove held weapons.
Your first few attacks do less damage.
You cannot equip rings or amulets.


Message History

The bombardier beetle sprays incendiary fluid at you.
The burning spray hits you.
You are covered in liquid fire!
You shake off some of the fire as you move.
The liquid fire burns you!
The bombardier beetle bites you but does no damage.
You hit the bombardier beetle with your +0 dagger.
The bombardier beetle is lightly wounded.
You hit the bombardier beetle but do no damage.
The liquid fire burns you!
* * * LOW HITPOINT WARNING * * *
You hit the bombardier beetle but do no damage.
The bombardier beetle is lightly wounded.
You barely miss the bombardier beetle with your +0 long sword.
The liquid fire burns you!
* * * LOW HITPOINT WARNING * * *
The bombardier beetle bites you.
* * * LOW HITPOINT WARNING * * *
You hit the bombardier beetle but do no damage.
The bombardier beetle is lightly wounded.
You hit the bombardier beetle with your +0 long sword.
The liquid fire burns you!
* * * LOW HITPOINT WARNING * * *
You barely miss the bombardier beetle with your +0 dagger.
The bombardier beetle is moderately wounded.
You slash the bombardier beetle with your +0 long sword!
The liquid fire burns you!
* * * LOW HITPOINT WARNING * * *
The bombardier beetle bites you but does no damage.
You completely miss the bombardier beetle with your +0 dagger.
The bombardier beetle is severely wounded.
You hit the bombardier beetle with your +0 long sword.
The liquid fire burns you!
* * * LOW HITPOINT WARNING * * *
The bombardier beetle barely misses you.
You barely miss the bombardier beetle with your +0 dagger.
The bombardier beetle is almost dead.
You completely miss the bombardier beetle with your +0 long sword.
The liquid fire burns you!
You die...

....#............
###.#.......$.....# #
#.#.............# #
#...............###
############........#
##........ +........#
...#########........#
...............B....#
....#########+##@#
##..........#.##.#########
.......####.#.#.....†....#
.......# #.#.#########..#
.......# #.#.# #..#
....>..# #.#.# #..#
....)..####.#.# #..#
............#<# #..#
#############.#########..#


You could see a bombardier beetle.

Vanquished Creatures
  An adder (D:2)
  A ribbon worm (D:2)
  An orc (D:3)
  5 bats
  An endoplasm (D:2)
  7 goblins
  9 hobgoblins
  2 jackals (D:1)
  A quokka (D:2)
  4 ball pythons
  3 frilled lizards
  2 kobolds
37 creatures vanquished.

Notes
Turn   | Place    | Note
-------+----------+-------------------------------------------
     0 | D:1      | seren the Coglin Gladiator began the quest for the Orb.
     0 | D:1      | Reached XP level 1. HP: 16/16 MP: 1/1
   128 | D:1      | Reached XP level 2. HP: 19/22 MP: 2/2
   399 | D:1      | You fall into a shaft and drop 1 floor!
   590 | D:2      | Reached XP level 3. HP: 26/27 MP: 3/3
  1181 | D:3      | Reached skill level 1 in Evocations
  1255 | D:3      | Noticed Natasha
  1341 | D:3      | HP: 1/28 [burnt (5)]
  1342 | D:3      | Incinerated by a bombardier beetle

Illustrated notes

Levels and vault maps discovered:
D:1:      pf_arrival_petrified_forest, layout_basic, minmay_cupped
D:2:      layout_basic
D:3:      layout_basic, zin_scriptorium, minitemple, uniq_natasha, uniq_jessica

Skill      XL: |  1  2  3 |
---------------+----------+-----
Throwing       | 2 |  2.1
Evocations     | 1 |  1.1
Fighting       | |  2.4
Long Blades    | |  3.6
Armour         | |  0.7
Dodging        | |  2.9

Action                     || total
---------------------------++-------
  Melee: Long sword        ||   106
         Dagger            ||    57
 Armour: Leather armour    ||    37
         Ring mail         ||    38
  Dodge: Dodged            ||    78

Table legend: (Time is in decaauts)
 A = Elapsed time spent in this place.
 B = Non-inter-level travel time spent in this place.
 C = Inter-level travel time spent in this place.
 D = Time resting spent in this place.
 E = Time spent auto-exploring this place.
 F = Levels seen in this place.
 G = Mean time per level.
                   A        B        C        D        E       F      G
               +--------+--------+--------+--------+--------+-----+--------+
         Total |   1356 |   1305 |     51 |     65 |    898 |   3 |  452.0 |
       Dungeon |   1356 |   1305 |     51 |     65 |    898 |   3 |  452.0 |
               +--------+--------+--------+--------+--------+-----+--------+

Top non-repeatable levels by time:
     D:1: 773 daAuts
     D:2: 455 daAuts
     D:3: 127 daAuts
